 Dungeon Crawl Stone Soup version 0.28-a0-706-gf6f64a616a (webtiles) character file.

Game seed: 14593872231019738971

67 KoroneIsBestGirl the Chiller (level 4, 0/30 HPs)
             Began as a Barachi Ice Elementalist on Oct 24, 2021.
             Slain by a gnoll (10 damage)
             ... on level 2 of the Dungeon.
             The game lasted 00:01:43 (1856 turns).

KoroneIsBestGirl the Chiller (BaIE)                 Turns: 1856, Time: 00:01:44

Health: 0/30       AC:  2    Str: 10    XL:     4   Next: 16%
Magic:  4/8        EV: 12    Int: 16    God:
Gold:   70         SH:  0    Dex: 12    Spells: 5/9 levels left

rFire   . . .      SeeInvis .   g - +0 whip (freeze)
rCold   . . .      Faith    .   (no shield)
rNeg    . . .      Spirit   .   a - +0 robe
rPois   .          Reflect  .   (no helmet)
rElec   .          Harm     .   (no cloak)
rCorr   .          Rampage  .   (no gloves)
Will    .....                   (no boots)
Stlth   ++........              (no amulet)
HPRegen 0.10/turn               (no ring)
MPRegen 0.11/turn               (no ring)

@: slow
A: amphibious, slowness 1, strong legs 1, +LOS
a: Hop


You were on level 2 of the Dungeon.
You visited 1 branch of the dungeon, and saw 2 of its levels.

You collected 70 gold pieces.

Inventory:

Hand Weapons
 c - a +0 dagger
 g - a +0 whip of freezing (weapon)
Armour
 a - a +0 robe (worn)
Scrolls
 b - a scroll of noise {unknown}
 d - a scroll of identify {unknown}
 e - 2 scrolls of teleportation {unknown}
 f - a scroll of fear {unknown}


   Skills:
 + Level 3.3 Dodging
 - Level 1.7 Stealth
 + Level 3.1 Spellcasting
 + Level 5.5 Ice Magic


You had 5 spell levels left.
You knew the following spells:

 Your Spells              Type           Power      Damage    Failure   Level
a - Freeze                Ice            80%        1d9       1%          1
b - Frozen Ramparts       Ice            40%        1d6       6%          3

Your spell library contained the following spells:

 Spells                   Type           Power      Damage    Failure   Level
 Ozocubu's Armour         Ice            20%        N/A       6%          3
 Ensorcelled Hibernation  Hex/Ice        22%        N/A       9%          2
 Spider Form              Tmut/Pois      1%         N/A       50%         3
 Hailstorm                Conj/Ice       11%        3d5       52%         4


Dungeon Overview and Level Annotations

Branches:
Dungeon (2/15)

Altars:


Innate Abilities, Weirdness & Mutations

You are amphibious.
You cover ground slowly.
You can hop short distances.
You have an extended range of vision and can be seen from far away.


Message History

There is an open door here.
A gnoll comes into view. It is wielding a +0 whip.
A gnoll comes into view. It is wielding a +0 club.
The gnoll shouts!
The gnoll hits you but does no damage.
An endoplasm comes into view.
The gnoll shouts!
The gnoll hits you from afar with a +0 spear.
There is an open door here.
Casting: Freeze (safe; 1% risk of failure)
Confirm with . or Enter, or press ? or * to list all spells.
Casting: Frozen Ramparts (dangerous; 6% risk of failure)
Press: ? - help, Dir - look around, f - activate The walls around you are covered in ice.
The wall freezes the gnoll.
The gnoll closely misses you.
The wall freezes the gnoll.
The gnoll hits you from afar with a +0 spear.
The wall freezes the gnoll.
The gnoll misses you.
The endoplasm quivers.
The wall freezes the gnoll.
The gnoll hits you from afar with a +0 spear.
The wall freezes the gnoll.
The wall freezes the gnoll.
You kill the gnoll!
The wall freezes the gnoll. x2; The gnoll closely misses you.
The wall freezes the gnoll.
The gnoll hits you from afar with a +0 spear.
The wall freezes the gnoll. x2; The gnoll barely misses you.
The wall freezes the gnoll.
The gnoll completely misses you.
The wall freezes the gnoll. x2; The gnoll hits you with a +0 whip.
Casting: Frozen Ramparts (dangerous; 6% risk of failure)
Confirm with . or Enter, or press ? or * to list all spells.
Aiming: Freeze (safe; 1% risk of failure)
Press: ? - help, Shift-Dir - straight line, f - gnoll
Aim: a gnoll, wielding a +0 whip (severely wounded)
You freeze the gnoll.
The gnoll is almost dead.
The frozen ramparts melt away.
The gnoll hits you from afar with a +0 spear!
You die...

#....##.#.# #.......#
#....'..#.# #$...$..#
##...####.# #.......#
#...####.### #.......#
#...##.....# #.......#
#..(##.#.#.# #.......#
#...##.#...# #.......#
#...##.#######.......#
#...##......@gg.J....#
#...##########g.........
#...# #.......... #...#
#######.... ##### .J. ..


You could see 3 gnolls and an endoplasm.

Vanquished Creatures
  A gnoll (D:2)
  An adder (D:2)
  3 dart slugs
  4 bats
  3 endoplasms (D:1)
  2 giant cockroaches (D:1)
  8 goblins
  4 hobgoblins
  4 kobolds
  3 ball pythons (D:2)
  A frilled lizard (D:2)
  4 rats (D:1)
38 creatures vanquished.

Notes
Turn   | Place    | Note
-------+----------+-------------------------------------------
     0 | D:1      | KoroneIsBestGirl the Barachi Ice Elementalist began the
                  | quest for the Orb.
     0 | D:1      | Reached XP level 1. HP: 13/13 MP: 3/3
   218 | D:1      | Reached skill level 5 in Ice Magic
   240 | D:1      | Reached XP level 2. HP: 14/19 MP: 1/5
   914 | D:1      | Reached XP level 3. HP: 22/24 MP: 4/7
  1382 | D:2      | Learned a level 3 spell: Frozen Ramparts
  1774 | D:2      | Reached XP level 4. HP: 28/30 MP: 6/8
  1856 | D:2      | Slain by a gnoll

Illustrated notes

Levels and vault maps discovered:
D:1:      minmay_arrival_split_and_join, layout_rooms, chequers_mini_garden,
          minmay_tetromino_i4
D:2:      layout_basic, hangedman_decor_lopped

Skill      XL: |  1  2  3 |
---------------+----------+-----
Ice Magic      | 5 |  5.5
Dodging        | 3 |  3.3
Spellcasting   | 3 |  3.1
Stealth        | |  1.7

Action                   |  1- 3 |  4- 6 || total
-------------------------+-------+-------++-------
Melee: Unarmed           |    18 |       ||    18
       Dagger            |    10 |       ||    10
       Whip              |     5 |       ||     5
 Cast: Freeze            |    51 |     1 ||    52
       Frozen Ramparts   |       |     1 ||     1
Armor: Robe              |    17 |     1 ||    18
Dodge: Dodged            |    58 |     5 ||    63

Table legend: (Time is in decaauts)
 A = Elapsed time spent in this place.
 B = Non-inter-level travel time spent in this place.
 C = Inter-level travel time spent in this place.
 D = Time resting spent in this place.
 E = Time spent auto-exploring this place.
 F = Levels seen in this place.
 G = Mean time per level.
                   A        B        C        D        E       F      G
               +--------+--------+--------+--------+--------+-----+--------+
         Total |   2024 |   1976 |     48 |     38 |   1641 |   2 | 1012.0 |
       Dungeon |   2024 |   1976 |     48 |     38 |   1641 |   2 | 1012.0 |
               +--------+--------+--------+--------+--------+-----+--------+

Top non-repeatable levels by time:
     D:1: 1314 daAuts
     D:2: 709 daAuts
